 Dungeon Sprint DCSS version 0.30-a0-799-g109b55a442 (webtiles) character file.

Game seed: 3663014081378185695

168 BigDaddyOpFi the Chopper (level 5, -1/52 HPs)
             Began as a Hill Orc Fighter on Feb 20, 2023.
             Was an Initiate of Qazlal.
             Slain by a killer bee (4 damage)
             ... in the Dungeon (Sprint IV: "Fedhas' Mad Dash").
             The game lasted 00:01:01 (1154 turns).

BigDaddyOpFi the Chopper (Hill Orc Fighter)         Turns: 1154, Time: 00:01:01

Health: -1/52      AC:  7    Str: 21    XL:     5   Next: 49%
Magic:  5/5        EV:  9    Int:  8    God:    Qazlal [......]
Gold:   54         SH:  5    Dex: 10    Spells: 4/4 levels left

rFire   . . .      SeeInvis .    a - +0 war axe
rCold   . . .      Faith    .    c - +0 buckler
rNeg    . . .      Spirit   .    b - +0 scale mail
rPois   .          Reflect  .    (no helmet)
rElec   .          Harm     .    (no cloak)
rCorr   .          Rampage  .    (no gloves)
Will    .....      NoTele   +    (no boots) Stlth
                                 k - amulet of invisibility {+Inv}
HPRegen 0.28/turn                (no ring)
MPRegen 0.09/turn                (no ring)

@: hasted, very quick
A: no striking features
a: Renounce Religion, Evoke Invisibility


You were in the Dungeon.
You worshipped Qazlal.
Qazlal was noncommittal.
You visited 1 branch You collected 54 gold pieces.

Inventory:

Hand Weapons
 a - a +0 war axe (weapon)
Armour
 b - a +0 scale mail (worn)
 c - a +0 buckler (worn)
Jewellery
 k - the amulet of invisibility (around neck) {+Inv}
   (You found it in the Dungeon)

   [amulet of nothing]

   +Inv:      It lets you turn invisible.
Potions
 d - a potion of might
 h - 2 potions of magic
 i - a potion of berserk rage


   Skills:
 + Level 7.3 Fighting
 + Level 7.4 Axes
 + Level 6.7 Armour
 + Level 6.7 Shields


You had 4 spell levels left.
You didn't know any spells.
Your spell library was empty.

Dungeon Overview and Level Annotations

Branches:
Dungeon (1/1)

Altars:
Cheibriados
Dithmenos
Elyvilon
Gozag
Hepliaklqana
Kikubaaqudgha
Makhleb
Nemelex Xobeh
Okawaru
Qazlal
Ru
Sif Muna
Trog
Uskayaw
Vehumet
Wu Jian
Xom
Yredelemnul
Zin
The Shining One
Beogh
Jiyva
Lugonu


Message History

The killer bee poisons you!
You feel sick. The killer bee barely misses you.
You block the killer bee's attack.
The killer bee attacks as you move away!
The killer bee barely misses you.
You feel sick. You block the killer bee's attack. The killer bee stings you.
The killer bee completely misses you. The killer bee closely misses you.
The killer bee rages.
You feel sick. You block the killer bee's attack. The killer bee stings you!
You are more poisoned.
The killer bee poisons you! The killer bee closely misses you.
There is an open door, spattered with blood here.
The killer bee attacks as you move away!
The killer bee stings you!
The killer bee attacks as you move away!
The killer bee stings you!
You are lethally poisoned!
The killer bee poisons you!
* * * LOW HITPOINT WARNING * * *
You feel very sick.
The killer bee rages.
The killer bee barely misses you.
The killer bee rages.
The killer bee stings you.
* * * LOW HITPOINT WARNING * * *
You feel better. The killer bee closely misses you.
The killer bee barely misses you. The killer bee closely misses you.
The killer bee attacks as you move away!
The killer bee closely misses you. The killer bee stings you.
* * * LOW HITPOINT WARNING * * *
You block the killer bee's attack.
There is an open door here.
Okay, then.
Blink to where?
Press: ? - help, Dir - move target
As you read the scroll of blinking, it crumbles to dust.
The killer bee rages.
You feel yourself speed up. The killer bee stings you!
* * * LOW HITPOINT WARNING * * *
The killer bee closely misses you. The killer bee stings you.
You die...

##############################
#<..P#.....#.@...#.⌠._._._._.⌠
#PP..'.(...'.#yy.'.._._._._._.
#PPPP#.....#.#y..#..._._._._..
###############y##.._._._._._.
♣....y..yy...#._._._._._.⌠
..y...♣.....#...#############
.....♣..♣..###### #+## #+#####


You could see 4 killer bees.

Vanquished Creatures
  A scorpion (D)
  3 oklob saplings (D)
  A river rat (D)
  A rat (D)
6 creatures vanquished.

Notes
Turn   | Place    | Note
-------+----------+-------------------------------------------
     0 | D        | BigDaddyOpFi the Hill Orc Fighter began the quest for the
                  | Orb.
     0 | D        | Reached XP level 1. HP: 19/19 MP: 1/1
    12 | D        | Reached XP level 2. HP: 17/28 MP: 2/2
   259 | D        | Noticed an oklob sapling
   263 | D        | Killed an oklob sapling
   264 | D        | Reached skill level 5 in Fighting
   264 | D        | Reached XP level 3. HP: 36/36 MP: 3/3
   266 | D        | Noticed a scorpion
   266 | D        | Found the amulet of invisibility {+Inv}
   274 | D        | Killed a scorpion
   275 | D        | Reached skill level 5 in Armour
   275 | D        | Reached skill level 5 in Shields
   275 | D        | Reached XP level 4. HP: 29/44 MP: 4/4
   514 | D        | Found an opulent altar of Gozag.
   514 | D        | Found a hazy altar of Hepliaklqana.
   514 | D        | Found a burning altar of Makhleb.
   514 | D        | Found a roughly hewn altar of Beogh.
   514 | D        | Found a sparkling altar of Nemelex Xobeh.
   514 | D        | Found a snail-covered altar of Cheibriados.
   514 | D        | Found a sacrificial altar of Ru.
   514 | D        | Found a shimmering blue altar of Sif Muna.
   514 | D        | Found a shimmering altar of Xom.
   514 | D        | Found a basalt altar of Yredelemnul.
   516 | D        | Found a viscous altar of Jiyva.
   516 | D        | Found a bloodstained altar of Trog.
   516 | D        | Found an ornate altar of the Wu Jian Council.
   516 | D        | Noticed an oklob sapling priest
   517 | D        | Found an iron altar of Okawaru.
   517 | D        | Found a shadowy altar of Dithmenos.
   517 | D        | Found a glowing silver altar of Zin.
   518 | D        | Found a hide-covered altar of Uskayaw.
   518 | D        | Found an ancient bone altar of Kikubaaqudgha.
   519 | D        | Found a glowing golden altar of the Shining One.
   519 | D        | Found a stormy altar of Qazlal.
   519 | D        | Found a white marble altar of Elyvilon.
   520 | D        | Found a radiant altar of Vehumet.
   520 | D        | Found a corrupted altar of Lugonu.
   533 | D        | Killed an oklob sapling priest
   534 | D        | Reached XP level 5. HP: 33/52 MP: 5/5
   807 | D        | Became a worshipper of Qazlal Stormbringer
  1143 | D        | Noticed a queen bee
  1154 | D        | Slain by a killer bee

Illustrated notes

Levels and vault maps discovered:
D:        dungeon_sprint_fedhas [sprint_temple]

Skill      XL: |  1  2  3  4 |
---------------+-------------+-----
Fighting       | 4 5 6 7 |  7.3
Axes           | 3 4 6 7 |  7.4
Armour         | 4 5 6 |  6.7
Shields        | 4 5 6 |  6.7

Action                     |  1- 3 |  4- 6 || total
---------------------------+-------+-------++-------
  Melee: War axe           |    16 |     8 ||    24
Ability: Evoke Invisibilit |       |     1 ||     1
    Use: Potion            |       |     3 ||     3
         Scroll            |       |     1 ||     1
   Stab: Invisible         |       |     1 ||     1
 Armour: Scale mail        |     4 |     1 ||     5
  Dodge: Dodged            |     7 |    16 ||    23
  Block: Buckler           |     2 |     6 ||     8

Table legend: (Time is in decaauts)
 A = Elapsed time spent in this place.
 B = Non-inter-level travel time spent in this place.
 C = Inter-level travel time spent in this place.
 D = Time resting spent in this place.
 E = Time spent auto-exploring this place.
 F = Levels seen in this place.
 G = Mean time per level.
                   A        B        C        D        E       F      G
               +--------+--------+--------+--------+--------+-----+--------+
         Total |   1161 |   1161 |      0 |   1037 |      0 |   1 | 1161.0 |
       Dungeon |   1161 |   1161 |      0 |   1037 |      0 |   1 | 1161.0 |
               +--------+--------+--------+--------+--------+-----+--------+

Top non-repeatable levels by time:
       D: 1161 daAuts
